 Dungeon Crawl Stone Soup version 0.29-a0-887-gcbe080d7e0 (webtiles) character file.

Game seed: 12734736228135620687

3216 iguanaiguana the Cleaver (level 9, -2/73 (74) HPs)
             Began as a Minotaur Fighter on July 22, 2022.
             Was a Priest of Okawaru.
             Killed from afar by Psyche (11 damage)
             ... with an iceblast
             ... on level 9 of the Dungeon.
             The game lasted 00:08:49 (7892 turns).

iguanaiguana the Cleaver (Minotaur Fighter)         Turns: 7892, Time: 00:08:50

HP:   -2/73 (74)    AC:  0    Str: 25    XL:     9   Next: 65%
MP:   4/13          EV: 23    Int:  5    God:    Okawaru [***...]
Gold: 466           SH:  0    Dex: 15    Spells: 8/8 levels left

rFire   . . .      SeeInvis .     - Unarmed
rCold   . . .      Faith    .   (shield currently unavailable)
rNeg    . . .      Spirit   .   (body armour currently unavailable)
rPois   .          Reflect  .   (helmet currently unavailable)
rElec   .          Harm     .   (cloak currently unavailable)
rCorr   .          Rampage  .   (gloves currently unavailable)
Will    .....                   (boots currently unavailable)
Stlth   +++.......              (no amulet)
HPRegen 0.22/turn               (ring currently unavailable)
MPRegen 0.13/turn               (ring currently unavailable)

@: mighty, bat-form, heroic, flying, lightly drained, very quick
A: fast, flying, no casting, tiny, (horns 2), (retaliatory headbutt)
a: Renounce Religion, Heroism


You were on level 9 of the Dungeon.
You worshipped Okawaru.
Okawaru was most pleased with you.
You were a bat.
You visited 2 branches of the dungeon, and saw 10 of its levels.

You collected 466 gold pieces.

Inventory:

Hand Weapons
 a - a +0 war axe (melded)
 p - a +0 battleaxe
Missiles
 n - 2 silver javelins
 u - 31 poisoned darts
 z - 10 boomerangs
 J - a throwing net
Armour
 b - a +0 scale mail
 c - a +0 buckler
 f - a +0 pair of gloves
 m - a scarf of shadows
 v - a +2 pair of gloves (melded)
 B - a +1 hat (melded)
 G - a +0 cloak (melded)
 H - a +2 kite shield (melded)
 I - a +0 chain mail (melded)
Jewellery
 o - a ring of protection from cold (melded)
 t - a ring of magical power (melded)
Wands
 D - a wand of paralysis (3)
Scrolls
 e - a scroll of butterflies {unknown}
 g - 2 scrolls of teleportation {@r3}
 l - a scroll of vulnerability {unknown}
 q - a scroll of blinking {@r4}
 r - 2 scrolls of amnesia {unknown}
 s - a scroll of enchant armour {unknown}
 w - a scroll of magic mapping {unknown}
 x - a scroll of silence {unknown}
 y - 2 scrolls of fear {unknown}
 A - a scroll of brand weapon {unknown}
 K - a scroll of poison {unknown}
 L - 2 scrolls of immolation {unknown}
Potions
 d - a potion of might {@q3}
 h - 5 potions of curing {@q1}
 i - a potion of invisibility
 j - a potion of resistance {@q5}
 k - 2 potions of brilliance
 C - a potion of lignification {unknown}
 E - a potion of magic {unknown}
 F - a potion of flight {unknown}


   Skills:
 - Level 5.1(10.1) Fighting
 + Level 9.5(14.7) Axes
 - Level 2.9(11.7) Maces & Flails
 - Level 5.1(10.1) Armour
 - Level 2.3(7.3) Dodging
 - Level 5.2(10.2) Shields
 * Level 7.4 Invocations
 + Level 4.6 Evocations


You had 8 spell levels left.
You didn't know any spells.
Your spell library was empty.

Dungeon Overview and Level Annotations

Branches:
Dungeon (9/15)             Temple (1/1) D:6
   Lair: D:8-11         Orc: D:9-12

Altars:
Cheibriados
Dithmenos
Elyvilon
Gozag
Makhleb
Nemelex Xobeh
Okawaru
Qazlal
Ru
Sif Muna
Trog
Uskayaw
Vehumet
Wu Jian
Xom
Yredelemnul
The Shining One

Shops:
D:5 (   D:9 *

Annotations:
D:5 1 runed translucent door
D:9 Psyche


Innate Abilities, Weirdness & Mutations

You are a bat.
You are tiny and dextrous.
You move quickly.
You are flying.
Your equipment is almost entirely melded.
You are incapable of wielding weapons or throwing items.
You cannot cast spells.
((You have a pair of horns on your head.))
((You reflexively headbutt those who attack you in melee.))


Message History

The wight freezes you. The wight hits you with a +0 falchion.
You feel drained. The wight hits you but does no damage.
You completely miss the wight.
The wight is severely damaged.
You slash Psyche! You hit the wight but do no damage. You hit the wight.
Psyche hits you with a +3 dagger of chaos.
You block Psyche's attack. You block the wight's attack.
The wight closely misses you.
The wight hits you with a +0 great sword.
You feel drained.
Psyche hits you with a +3 dagger of chaos.
Psyche draws strength from your wounds!
You completely miss the wight.
The wight is severely damaged.
You slash the wight! You barely miss the howler monkey.
You hit the wight but do no damage. You hit Psyche but do no damage.
Psyche hits you but does no damage.
The wight hits you with a +3 short sword of freezing.
You feel drained.
The wight hits you with a +0 great sword.
You feel drained. The wight hits you but does no damage.
The howler monkey hits you but does no damage.
Psyche mumbles some strange words.
A swirling arc of seething chaos appears!
The arc of chaos hits the howler monkey.
The howler monkey is caught in a web!
The arc of chaos hits the wight.
You completely miss the wight.
The wight is almost destroyed.
You barely miss Psyche. You completely miss the wight.
You slash the howler monkey! You slash the wight! You block Psyche's attack.
The howler monkey struggles to get unstuck from the web.
The wight barely misses you. You furiously retaliate!
You headbutt the wight.
You destroy the wight!
Okawaru accepts your kill. The wight hits you but does no damage.
You block the wight's attack.
Psyche hits you with a +3 dagger of chaos!
Psyche freezes you.
The howler monkey struggles to get unstuck from the web.
The wight barely misses you. The wight hits you but does no damage.
You are too injured to fight recklessly!
You are too injured to fight recklessly!
You are too injured to fight recklessly!
You are too injured to fight recklessly!
Blink to where?
Press: ? - help, Dir - move target
As you read the scroll of blinking {@r4}, it crumbles to dust.
Psyche says, "I'm a bad girl, but I can't do anything about it."
Okay, then.
You feel very mighty all of a sudden.
You gain the combat prowess of a mighty hero.
Psyche mumbles some strange words.
Psyche flickers and vanishes!
Deactivating autopickup; reactivate with Ctrl-A.
Okay, then.
Aiming: Paralyse
Press: ? - help, Shift-Dir - straight line, f - wight
Aim: a wight, wielding a +0 great sword and wearing a +0 robe (almost destroyed, chance to affect: 61%) Nothing appears to happen.
The howler monkey hoots and howls with incredible vigour!
Something hits you but does no damage.
You miss something. Your headbutt misses something.
Something hits you but does no damage.
You barely miss something. Your headbutt misses something.
Something hits you but does no damage.
You are electrocuted!!
* * * LOW HITPOINT WARNING * * *
You hear some strange, mumbled words.
The howler monkey hoots and howls with incredible vigour!
You hear a shout! x2
You closely miss something.
You hear a zap.
An iceblast appears from out of thin air!
The mass of ice explodes!
The iceblast engulfs you but does no damage.
The iceblast engulfs something!
You miss something. Your headbutt misses something.
You hear some strange, mumbled words.
A swirling arc of seething chaos appears!
An arc of chaos appears from out of thin air!
The arc of chaos hits the wight.
The wight is destroyed!
The arc of chaos hits the howler monkey.
The howler monkey is drained!
You hear some strange, mumbled words.
You turn into a bat.
Your +0 war axe melds into your body.
Your +0 cloak melds into your body.
Your +1 hat melds into your body.
Your +2 pair of gloves melds into your body.
Your +2 kite shield melds into your body.
Your +0 chain mail melds into your body.
Your ring of protection from cold melds into your body.
Your ring of magical power melds into your body.
You feel your magic capacity decrease. Something hits you!
* * * LOW HITPOINT WARNING * * *
The howler monkey hoots and howls with incredible vigour!
You hear a shout! x3
You hear a zap.
An iceblast appears from out of thin air!
The mass of ice explodes!
The iceblast engulfs you!
You die...

...8..###.... ..##.####.# #.#
......#..... #.##.####.####.#
.<...8#.... #.##......##...#
.......... #.##########.###
...∩...8. #.# #.....##.#
#.....).##### #.# #.###.##.#
#8...h).....# #.###.###.##.#
##....^..$.h######.......#....#
#.8...8..hzh.{.b......#.######
#.........?####.........#
#######.#### #.######### #.#
#.# #:# #.# #.# #.# #.# #.#


You could see 3 howler monkeys and a wight.

Vanquished Creatures
  A wyvern (D:8)
  A yak (D:8)
  Eustachio (D:4)
  Menkaure (D:6)
  Edmund (D:6)
  An orc warrior (D:8)
  2 black bears (D:5)
  A sky beast (D:7)
  2 ogres
  A centaur (D:9)
  A phantom (D:6)
  A kobold brigand (D:6)
  3 necrophages
  2 bullfrogs (D:7)
  2 scorpions
  9 wights
  A howler monkey (D:4)
  A quasit (D:8)
  2 hounds
  2 jellies
  2 orc priests
  A gnoll bouda (D:7)
  4 orc wizards
  4 iguanas
  9 gnolls
  13 adders
  5 shadow imps
  2 white imps
  6 ufetubi
  A worm (D:7)
  3 dart slugs
  16 orcs
  4 endoplasms
  A giant cockroach (D:2)
  4 goblins
  3 hobgoblins
  4 jackals (D:1)
  12 kobolds
  3 quokkas
  8 ball pythons
  2 bats
  5 frilled lizards
  3 rats
151 creatures vanquished.

Vanquished Creatures (others)
  A wight (D:9)
  A demonic plant (D:8)
2 creatures vanquished.

Grand Total: 153 creatures vanquished

Notes
Turn   | Place    | Note
-------+----------+-------------------------------------------
     0 | D:1      | iguanaiguana the Minotaur Fighter began the quest for the
                  | Orb.
     0 | D:1      | Reached XP level 1. HP: 19/19 MP: 0/0
    18 | D:1      | Reached XP level 2. HP: 27/27 MP: 1/1
   109 | D:1      | You fall into a shaft and drop 1 floor!
   119 | D:2      | Reached skill level 3 in Axes
   273 | D:2      | Reached XP level 3. HP: 23/33 MP: 2/2
   391 | D:2      | Found a faded altar of an unknown god.
   941 | D:3      | Reached XP level 4. HP: 40/40 MP: 3/3
  1858 | D:4      | Reached skill level 4 in Axes
  2236 | D:4      | Reached skill level 1 in Dodging
  2236 | D:4      | Reached XP level 5. HP: 42/47 MP: 4/4
  2328 | D:4      | Noticed Eustachio
  2522 | D:4      | Reached skill level 5 in Axes
  2522 | D:4      | Reached XP level 6. HP: 22/53 MP: 5/5
  2542 | D:5      | Entered Level 5 of the Dungeon
  2784 | D:5      | Reached skill level 5 in Shields
  3084 | D:5      | Reached skill level 5 in Fighting
  3084 | D:5      | Reached skill level 5 in Armour
  3101 | D:5      | Found Jeoceer's Antique Weapon Shop.
  3180 | D:5      | Reached XP level 7. HP: 43/61 MP: 6/6
  3425 | D:5      | Found a runed translucent door.
  3427 | D:5      | Noticed a vampire mosquito
  3427 | D:5      | Noticed a vampire mosquito
  3887 | D:5      | Reached skill level 6 in Axes
  4015 | D:6      | Found a staircase to the Ecumenical Temple.
  4025 | D:6      | Noticed Menkaure
  4031 | D:6      | Killed Menkaure
  4032 | D:6      | Reached skill level 7 in Axes
  4138 | Temple   | Entered the Ecumenical Temple
  4149 | Temple   | Became a worshipper of Warmaster Okawaru
  4168 | D:6      | Reached skill level 1 in Invocations
  4508 | D:6      | Noticed Edmund
  4526 | D:6      | Killed Edmund
  4527 | D:6      | Reached skill level 1 in Evocations
  4527 | D:6      | Reached XP level 8. HP: 11/68 MP: 8/8
  4534 | D:6      | Reached * piety under Okawaru
  5580 | D:7      | Reached skill level 8 in Axes
  5715 | D:7      | Found a radiant altar of Vehumet.
  6290 | D:7      | Reached skill level 5 in Invocations
  6589 | D:4      | Killed Eustachio
  6781 | D:8      | Reached ** piety under Okawaru
  6782 | D:8      | Reached XP level 9. HP: 72/74 MP: 12/12
  7095 | D:7      | Reached skill level 9 in Axes
  7365 | D:7      | Found a snail-covered altar of Cheibriados.
  7703 | D:8      | Reached *** piety under Okawaru
  7872 | D:9      | Found Duwantud's General Store.
  7875 | D:9      | Noticed Psyche
  7892 | D:9      | Killed from afar by Psyche

Illustrated notes

Levels and vault maps discovered:
D:1:      dpeg_arrival_ternary, layout_rooms
D:2:      layout_rooms, chequers_ecumenical_altar_simple_redux
D:3:      layout_basic
D:4:      layout_rooms, worldfamousw_hep_ancestral_shrine,
          minmay_misc_feat_hallway, uniq_eustachio
D:5:      lemuel_insect_pit, layout_gridville, serial_shops,
          nicolae_shop_statue_plus, saegor_snake_ambush, uniq_ijyb
D:6:      layout_cave_pools, temple_green, kennysheep_generic_room_13,
          uniq_menkaure, uniq_edmund
D:7:      layout_cave_pools, amcnicky_altar_gilded, slow_altar_2, serial_glass,
          glass_columns_b, glass_columns_a, glass_columns_c, glass_columns_b,
          glass_columns_b, nicolae_figureground_pulse
D:8:      layout_rooms, mainiacjoe_overflow_boulevard, erik_lair_dragon,
          serial_demonic, serial_demonic_c, serial_demonic_c, serial_demonic_g,
          serial_demonic_f, serial_demonic_c, serial_demonic_a,
          serial_demonic_a, uniq_amaemon
D:9:      layout_basic, erik_orc_1, serial_shops, nicolae_stop_n_shop_1,
          uniq_psyche
Temple:   nicolae_temple_no_exploring_needed

Skill      XL: |  1  2  3  4  5  6  7  8  9 |
---------------+----------------------------+-----
Axes           | 3 4 5 7 8 9 |  9.5
Fighting       | 4 5 |  5.1
Armour         | 4 5 |  5.1
Shields        | 4 5 |  5.2
Dodging        | 1 2 |  2.3
Maces & Flails | 2 |  2.9
Invocations    | 2 5 7 |  7.4
Evocations     | 1 3 4 |  4.6

Action                   |  1- 3 |  4- 6 |  7- 9 || total
-------------------------+-------+-------+-------++-------
Melee: War axe           |    63 |    93 |   289 ||   445
       Headbutt          |     6 |    18 |    60 ||    84
Invok: Heroism           |       |       |     2 ||     2
Evoke: Wand              |       |       |     3 ||     3
  Use: Scroll            |       |       |     8 ||     8
       Potion            |       |       |     3 ||     3
 Stab: Invisible         |       |       |     1 ||     1
Armor: Scale mail        |    31 |    51 |    87 ||   169
       Chain mail        |       |       |   100 ||   100
Dodge: Dodged            |    33 |    54 |   143 ||   230
Block: Buckler           |     9 |    23 |    35 ||    67
       Kite shield       |       |       |   107 ||   107

Table legend: (Time is in decaauts)
 A = Elapsed time spent in this place.
 B = Non-inter-level travel time spent in this place.
 C = Inter-level travel time spent in this place.
 D = Time resting spent in this place.
 E = Time spent auto-exploring this place.
 F = Levels seen in this place.
 G = Mean time per level.
                   A        B        C        D        E       F      G
               +--------+--------+--------+--------+--------+-----+--------+
         Total |   8008 |   7432 |    576 |   1350 |   4941 |  10 |  800.8 |
       Dungeon |   7990 |   7426 |    564 |   1350 |   4937 |   9 |  887.8 |
        Temple |     18 |      6 |     12 |      0 |      4 |   1 |   18.0 |
               +--------+--------+--------+--------+--------+-----+--------+

Top non-repeatable levels by time:
     D:6: 1655 daAuts
     D:7: 1603 daAuts
     D:5: 1565 daAuts
     D:3: 1168 daAuts
     D:2: 758 daAuts
     D:4: 618 daAuts
     D:8: 330 daAuts
     D:9: 174 daAuts
     D:1: 113 daAuts
  Temple: 18 daAuts
